 Dungeon Crawl Stone Soup version 0.31-a0-626-g8143ab4f1d (webtiles) character file.

Game seed: 14514513746349143107

129803 Ofeo the Unseen (level 17, -12/116 HPs)
             Began as a Kobold Earth Elementalist on Aug 24, 2023.
             Was the Champion of Ashenzari.
             Mangled by an alligator simulacrum (32 damage)
             ... in an ice cave.
             The game lasted 01:19:16 (39062 turns).

Ofeo the Unseen (Kobold Earth Elementalist)        Turns: 39062, Time: 01:19:16

Health: -12/116    AC:  9    Str:  6    XL:     17   Next: 62%
Magic:  39/40      EV: 34    Int: 24    God:    Ashenzari [******]
Gold:   534        SH:  0    Dex: 21    Spells: 14/36 levels left

rFire   . . .        X - +7 Spriggan's Knife {stab, EV+4 Stlth+, Fort, Bglg} (curse)
rCold   . . .        i - orb "Visionary Ordeal" {*channel, Cun, Elem} (curse)
rNeg    . . .        y - +2 robe "Perceptive Augurer" {Will+, Alch, Melee} (curse)
rPois   .            o - +0 helmet "Share My Suspicion" {Fort, Melee} (curse)
rElec   .            C - +1 cloak of the Shackled Moon {Fort, Cun} (curse)
rCorr   .            J - +0 pair of gloves "Chained Trepidation" {Dev, Comp} (curse)
SInv    +            B - +0 pair of boots of the Distant Paranoia {Bglg, Range} (curse)
Will    ++...        c - amulet "Omniscient Doubts" {RegenMP, Melee, Elem} (curse)
Stlth   ++++++++++   p - ring of the Enlightened Cosmos {MP+9, Bglg, Elem} (curse)
HPRegen 0.39/turn    z - ring of the Shackled Burden {Int+6, Elem, Melee} (curse)
MPRegen 0.67/turn

%: clarity, channel magic (20%)
@: no status effects
A: small, no large weapons, nightstalker 3, no potion heal 1
a: Renounce Religion, Shatter the Chains


You were in an ice cave.
You worshipped Ashenzari.
Ashenzari was exalted by your worship.
You visited 5 branches of the dungeon, and saw 25 of its levels.
You also visited: Sewer and Ice Cave.

You collected 2556 gold pieces.
You spent 2022 gold pieces at shops.

Inventory:

Hand Weapons
 b - a +0 rapier of speed
 X - the cursed +7 Spriggan's Knife (weapon) {stab, EV+4 Stlth+, Fort, Bglg}
   (You bought it in a shop on level 5 of the Dungeon)

   Stab:      It is more effective when stabbing unaware enemies, sometimes
   treating them as though they were completely helpless.
   EV+4:      It affects your evasion (+4).
   Stlth+:    It makes you more stealthy.
   It has a curse which improves the following skills: Fortitude: Armour and
   Shields.
   Beguiling: Conjurations, Hexes and Translocations.
Missiles
 d - 8 curare-tipped darts
 n - a throwing net
Armour
 i - the cursed orb "Visionary Ordeal" (worn) {*channel, Cun, Elem}
   (You took it off Jeremiah on level 7 of the Dungeon)

   It has a curse which improves the following skills: Cunning: Dodging and
   Stealth.
   Elements:  Fire Magic, Ice Magic, Air Magic and Earth Magic.
 o - the cursed +0 helmet "Share My Suspicion" (worn) {Fort, Melee}
   (You took it off Robin on level 4 of the Dungeon)

   It has a curse which improves the following skills: Fortitude: Armour and
   Shields.
   Melee Combat: Short Blades, Long Blades, Axes, Maces & Flails, Polearms,
   Staves and Unarmed Combat.
 x - a +1 pair of gloves of strength
 y - the cursed +2 robe "Perceptive Augurer" (worn) {Will+, Alch, Melee}
   (You took it off Jeremiah on level 7 of the Dungeon)

   It has a curse which improves the following skills: Alchemy: Poison Magic and
   Transmutations.
   Melee Combat: Short Blades, Long Blades, Axes, Maces & Flails, Polearms,
   Staves and Unarmed Combat.
 B - the cursed +0 pair of boots of the Distant Paranoia (worn) {Bglg, Range}
   (You found it on level 4 of the Dungeon)

   It has a curse which improves the following skills: Beguiling: Conjurations,
   Hexes and Translocations.
   Ranged Combat: Ranged Weapons and Throwing.
 C - the cursed +1 cloak of the Shackled Moon (worn) {Fort, Cun}
   (You found it on level 7 of the Dungeon)

   It has a curse which improves the following skills: Fortitude: Armour and
   Shields.
   Cunning:   Dodging and Stealth.
 J - the cursed +0 pair of gloves "Chained Trepidation" (worn) {Dev, Comp}
   (You found it on level 9 of the Dungeon)

   It has a curse which improves the following skills: Devices: Evocations and
   Shapeshifting.
   Companions: Summonings and Necromancy.
 L - +0 acid dragon scales
 U - +0 steam dragon scales
Jewellery
 c - the cursed amulet "Omniscient Doubts" (around neck) {RegenMP, Melee, Elem}
   (You found it on level 1 of the Dungeon)

   [amulet of magic regeneration]

   RegenMP:   It increases your rate of magic regeneration.
   It has a curse which improves the following skills: Melee Combat: Short
   Blades, Long Blades, Axes, Maces & Flails, Polearms, Staves and Unarmed
   Combat.
   Elements:  Fire Magic, Ice Magic, Air Magic and Earth Magic.
 p - the cursed ring of the Enlightened Cosmos (left hand) {MP+9, Bglg, Elem}
   (You took it off a kobold on level 4 of the Dungeon)

   [ring of magical power]

   MP+9:      It affects your magic capacity (+9).
   It has a curse which improves the following skills: Beguiling: Conjurations,
   Hexes and Translocations.
   Elements:  Fire Magic, Ice Magic, Air Magic and Earth Magic.
 z - the cursed ring of the Shackled Burden (right hand) {Int+6, Elem, Melee}
   (You found it on level 9 of the Dungeon)

   [ring of intelligence]

   Int+6:     It affects your intelligence (+6).
   It has a curse which improves the following skills: Elements: Fire Magic, Ice
   Magic, Air Magic and Earth Magic.
   Melee Combat: Short Blades, Long Blades, Axes, Maces & Flails, Polearms,
   Staves and Unarmed Combat.
 K - a +6 ring of dexterity
 Y - an amulet of regeneration
 Z - a +4 ring of slaying
Wands
 k - a wand of flame (62)
 t - a wand of acid (12) {@v2}
 u - a wand of roots (28)
 G - a wand of digging (4) {@v1}
 H - a wand of mindburst (9)
Scrolls
 f - a scroll of enchant armour
 g - 10 scrolls of teleportation {@r3}
 j - 4 scrolls of vulnerability
 r - 4 scrolls of enchant weapon
 v - 5 scrolls of fog
 w - 2 scrolls of fear
 A - 7 scrolls of poison
 F - 2 scrolls of blinking {@r4}
 I - 6 scrolls of revelation
 Q - a scroll of amnesia
 R - 2 scrolls of silence
 T - a scroll of immolation
 W - a scroll of summoning
Potions
 a - 2 potions of ambrosia
 e - 2 potions of enlightenment
 h - 9 potions of heal wounds {@q2}
 l - 5 potions of lignification
 m - 3 potions of might {@q4}
 q - 6 potions of curing {@q1}
 s - 4 potions of haste {@q3}
 D - 2 potions of mutation
 M - a potion of brilliance
 P - a potion of attraction
 V - 2 potions of magic
Miscellaneous
 O - a box of beasts
 S - a condenser vane


   Skills:
 + Level 16.6 Fighting
 - Level 8.9(14.5) Short Blades
 + Level 14.2(17.8) Dodging
 + Level 16.8(20.2) Stealth
 - Level 10.3 Spellcasting
 - Level 12.1(16.8) Conjurations
 + Level 4.1(6.3) Summonings
 - Level 4.0(6.2) Transmutations
 - Level 10.1(15.7) Earth Magic
 - Level 5.6(8.0) Evocations


You had 14 spell levels left.
You knew the following spells:

 Your Spells              Type           Power      Damage    Failure   Level
a - Sandblast             Erth           100%       2d20      1%          1
b - Passwall              Tmut/Erth      50%        N/A       1%          2
c - Stone Arrow           Conj/Erth      100%       3d13      1%          3
d - Petrify               Tmut/Erth      60%        N/A       3%          4
e - Irradiate             Conj/Tmut      30%        3d21      6%          5
f - Blink                 Tloc           30%        N/A       17%         2
g - Vhi's Electric Charg  Tloc/Air       32%        N/A       26%         3
h - Call Imp              Summ           86%        N/A       3%          2

Your spell library contained the following spells:

 Spells                   Type           Power      Damage    Failure   Level
 Kiss of Death            Conj/Necr      100%       2d13      1%          1
 Magic Dart               Conj           100%       1d8       1%          1
 Dazzling Flash           Conj/Hex       100%       N/A       3%          3
 Sting                    Tmut/Pois      100%       1d8       6%          1
 Mephitic Cloud           Conj/Pois/Air  41%        N/A       6%          3
 Ignite Poison            Fire/Tmut/Pois 24%        N/A       16%         3
 Cigotuvi's Dreadful Rot  Necr/Pois/Air  28%        N/A       17%         2
 Poisonous Vapours        Pois/Air       30%        N/A       17%         2
 Sublimation of Blood     Necr           13%        N/A       19%         2
 Frozen Ramparts          Ice            32%        1d5       26%         3
 Volatile Blastmotes      Fire/Tloc      32%        2d12      26%         3
 Freezing Cloud           Conj/Ice/Air   21%        6-21      26%         5
 Confusing Touch          Hex            15%        N/A       28%         3
 Starburst                Conj/Fire      26%        6d8       41%         6
 Manifold Assault         Tloc           15%        N/A       58%         4
 Dispel Undead            Necr           13%        3d9       63%         4
 Olgreb's Toxic Radiance  Pois           13%        N/A       63%         4
 Metabolic Englaciation   Hex/Ice        8%         N/A       87%         5
 Maxwell's Capacitive Co  Air            8%         ∞         100%        8


Dungeon Overview and Level Annotations

Branches:
Dungeon (15/15)            Temple (1/1) D:7            Lair (5/5) D:11
 Shoals (2/4) Lair:3       Spider (0/4) Lair:3        Slime (0/5) Lair:4
    Orc (2/2) D:12            Elf (0/3) Orc:2        Vaults (0/5) D:14
 Depths (0/4) D:15          Sewer (visited)           IceCv (1/1)

Altars:
Ashenzari
Cheibriados
Dithmenos
Elyvilon
Fedhas
Gozag
Hepliaklqana
Kikubaaqudgha
Makhleb
Nemelex Xobeh
Okawaru
Qazlal
Ru
Sif Muna
Trog
Uskayaw
Vehumet
Wu Jian
Xom
Yredelemnul
Zin
The Shining One
Jiyva

Shops:
D:5 *((   D:12 ?   Orc:2 ?(([   Shoals:1 (

Annotations:
D:6 exclusion: hornet
D:8 1 runed translucent door


Innate Abilities, Weirdness & Mutations

You are small and have problems with some larger weapons.
You are completely attuned to the shadows.
Potions are less effective at restoring your health.


Message History

Press: ? - help, Dir - move target An ice covered rock wall.
You begin to meditate on the wall.
You continue meditating on the rock. x4
You finish merging with the rock.
The helpless minotaur simulacrum fails to defend itself.
You spit the minotaur simulacrum like a pig!!!!!
The minotaur simulacrum vaporises!
An ice devil and an alligator simulacrum come into view.
The helpless freezing wraith fails to defend itself.
You spit the freezing wraith like a pig!!!!!
You destroy the freezing wraith!
You are engulfed in freezing vapours.
You take 16 damage, and have 100/116 hp.
The helpless freezing wraith fails to defend itself.
You skewer the freezing wraith like a kebab!!!!!
You destroy the freezing wraith!
You are engulfed in freezing vapours.
You take 10 damage, and have 90/116 hp.
The helpless freezing wraith fails to defend itself.
You spit the freezing wraith like a pig!!!!!
You destroy the freezing wraith!
You are engulfed in freezing vapours.
You take 4 damage, and have 86/116 hp.
Why would you want to do that?
You are engulfed in freezing vapours.
You take 17 damage, and have 69/116 hp.
You are engulfed in freezing vapours.
You take 11 damage, and have 58/116 hp.
Casting: Passwall (safe; 1% risk of failure)
Confirm with . or Enter, or press ? or * to list all spells.
Aiming: Passwall (safe; 1% risk of failure)
Press: ? - help, Dir - move target An ice covered rock wall.
You begin to meditate on the wall.
You continue meditating on the rock.
The alligator simulacrum bites you! The alligator simulacrum freezes you!!
* * * LOW HITPOINT WARNING * * *
The alligator simulacrum tail-slaps you.
* * * LOW HITPOINT WARNING * * *
The alligator simulacrum freezes you!!
You die...

##..#..# #....#..##,,*,,,
##...#..# #..#.##.#,,***,*
#.......# ##.##..#.#,~*,*,*
##..##...# #..#.......,,{*{,
#...###..# #..........,{,,{,
#..##.#.## #...#...###*,{*,,
#..#÷...## #...#.....,,,,*,*
#..##....###...#.....,,,**,*
##..#....##@Z..###..#,,~*,,,
#..##..)##..4..§##.#{,**,
##..#..##..#.§°○°#.#,,**,
#..####..###☼≈☼○○..****
*#.###...# #.○§§§..{*
*#..#..## ##§§§§§.,* #....##
#.§☼§§.** ##..## ##.....*
#### ##Z..#*


You could see an ice devil and an alligator simulacrum.

Vanquished Creatures
  Frances (D:14)
  2 orc warlords
  A very ugly thing (IceCv)
  A merfolk javelineer (Shoals:2)
  A yaktaur captain (D:14)
  3 ogre magi (D:15)
  A merfolk avatar (Shoals:2)
  An alligator snapping turtle (Shoals:1)
  10 hydras
  6 boulder beetles
  4 catoblepae
  A death knight (D:15)
  9 centaur warriors
  An alligator (Lair:3)
  6 two-headed ogres (D:15)
  4 death yaks
  A deep troll earth mage (D:15)
  Urug (Lair:1)
  A deep elf knight (D:14)
  2 orc high priests (Orc:2)
  9 skysharks
  4 skeletal warriors (D:12)
  A goliath frog (Lair:5)
  Lodul (D:13)
  2 sea snakes (Shoals:1)
  An orb spider (Lair:3)
  2 spriggan simulacra (IceCv)
  A lindwurm (Lair:5)
  3 deep elf zephyrmancers
  3 orc knights
  A deep elf archer (D:14)
  A wizard (D:15)
  7 harpies
  A deep elf pyromancer (D:14)
  An orc sorcerer (Orc:2)
  6 cyclopes
  9 fauns (Shoals:1)
  14 ugly things
  A wolf spider (Lair:3)
  3 manticores
  6 elephants
  Joseph (D:7)
  9 black mambas
  2 water nymphs (Shoals:1)
  A gargoyle (D:12)
  Jeremiah (D:7)
  2 torpor snails
  An efreet (D:13)
  3 unseen horrors
  6 rime drakes
  2 kobold demonologists
  29 cane toads
  2 yaktaurs (D:14)
  10 komodo dragons
  7 freezing wraiths
  10 merfolk
  A queen bee (shapeshifter) (D:15)
  2 ice devils (IceCv)
  3 meliai (D:15)
  2 trolls (shapeshifter)
  A polar bear (shapeshifter) (D:13)
  2 tyrant leeches (Lair:5)
  An alligator simulacrum (IceCv)
  2 polar bears (Lair:3)
  4 trolls
  2 hornets
  19 blink frogs
  A dream sheep (Lair:3)
  A snapping turtle (Shoals:1)
  10 slime creatures
  5 wraiths
  2 shadows
  4 vampires
  A water elemental (Shoals:1)
  5 basilisks
  A wyvern (Lair:3)
  36 yaks
  Grum (D:9)
  A steam dragon (Lair:3)
  21 vampire mosquitoes
  A harpy simulacrum (IceCv)
  5 wargs
  3 minotaur simulacra (IceCv)
  Menkaure (D:5)
  An acid dragon (D:10)
  A hydra simulacrum (IceCv)
  29 water moccasins
  Duvessa (D:7)
  A swamp drake (Orc:1)
  29 orc warriors
  5 black bears
  2 sky beasts
  An ettin simulacrum (IceCv)
  42 wolves
  A centaur (D:6)
  17 ogres
  A phantom (D:7)
  8 kobold brigands
  Blork the orc (D:4)
  A bullfrog (shapeshifter) (D:14)
  24 bullfrogs
  2 gnoll sergeants
  A scorpion (Lair:1)
  7 wights
  4 killer bees (D:6)
  Dowan (D:7)
  An electric eel (Lair:5)
  3 howler monkeys (D:7)
  A vampire bat (D:8)
  A crimson imp (Orc:1)
  4 hounds
  4 jellies
  18 orc priests
  A gnoll bouda (D:7)
  An iron imp (Orc:1)
  A sleepcap (D:4)
  5 iguanas
  34 orc wizards
  8 hell rats
  Robin (D:4)
  4 gnolls (D:11)
  9 adders
  5 river rats (Sewer)
  2 shadow imps
  2 white imps
  An ufetubus (D:6)
  5 worms
  4 dart slugs
  86 orcs
  5 ball pythons
  3 bats
  A bat skeleton (D:8)
  3 bat zombies (D:8)
  4 endoplasms
  4 giant cockroaches
  11 goblins
  12 hobgoblins
  11 jackals
  35 kobolds
  3 training dummies (Shoals:1)
  8 frilled lizards
  7 rats
846 creatures vanquished.

Vanquished Creatures (others)
  A shadow imp (D:7)
1 creature vanquished.

Grand Total: 847 creatures vanquished

Notes
Turn   | Place    | Note
-------+----------+-------------------------------------------
     0 | D:1      | Ofeo the Kobold Earth Elementalist began the quest for the
                  | Orb.
     0 | D:1      | Reached XP level 1. HP: 10/10 MP: 3/3
   141 | D:1      | Reached XP level 2. HP: 15/15 MP: 3/5
   620 | D:2      | Reached XP level 3. HP: 19/19 MP: 4/6
  1139 | D:2      | Found a faded altar of an unknown god.
  1486 | D:2      | Reached XP level 4. HP: 24/24 MP: 5/7
  2280 | D:3      | Found a glowing drain.
  2290 | D:3      | Learned a level 2 spell: Passwall
  2294 | D:3      | Learned a level 3 spell: Stone Arrow
  2295 | Sewer    | Entered a sewer
  2412 | Sewer    | Reached XP level 5. HP: 27/28 MP: 6/9
  2447 | Sewer    | Noticed a kobold brigand
  2532 | Sewer    | Killed a kobold brigand
  2592 | Sewer    | Reached XP level 6. HP: 21/32 MP: 9/11
  4152 | D:3      | Found an opulent altar of Gozag.
  4341 | D:3      | Found the +5 woodcutter's axe
  5119 | D:4      | Noticed Blork the orc
  5124 | D:4      | Killed Blork the orc
  5125 | D:4      | Reached XP level 7. HP: 26/36 MP: 6/13
  5879 | D:4      | Noticed Robin
  5901 | D:4      | Killed Robin
  5902 | D:4      | Reached skill level 5 in Earth Magic
  6241 | D:5      | Entered Level 5 of the Dungeon
  6314 | D:5      | Found Ynudd's Antique Weapon Shoppe.
  6482 | D:5      | Found Hugusykudgh's Antique Weapon Shoppe.
  6534 | D:5      | Reached skill level 1 in Conjurations
  6697 | D:5      | Found Heucev's Assorted Antiques.
  6702 | D:5      | Bought a scroll labelled ITISOS BYON for 30 gold pieces
  6702 | D:5      | Bought a scroll labelled ITISOS BYON for 30 gold pieces
  6702 | D:5      | Bought 2 glowing pink potions for 54 gold pieces
  6842 | D:5      | Noticed Menkaure
  6848 | D:5      | Killed Menkaure
  6849 | D:5      | Reached XP level 8. HP: 41/41 MP: 14/14
  7705 | D:6      | Found a glowing silver altar of Zin.
  7705 | D:6      | Found a white marble altar of Elyvilon.
  7739 | D:6      | Reached skill level 5 in Conjurations
  7802 | D:6      | Found a glowing golden altar of the Shining One.
  7880 | D:6      | Noticed a hornet
  7931 | D:6      | Reached XP level 9. HP: 45/45 MP: 15/15
  8509 | D:7      | Noticed Jeremiah
  8574 | D:7      | Killed Jeremiah
  8674 | D:7      | Noticed Joseph
  8680 | D:7      | Killed Joseph
  8966 | D:7      | Found a staircase to the Ecumenical Temple.
  9058 | D:7      | Noticed a hornet
  9064 | D:7      | Killed a hornet
  9108 | D:7      | Reached XP level 10. HP: 58/58 MP: 16/16
  9117 | Temple   | Entered the Ecumenical Temple
  9136 | Temple   | Became a worshipper of Ashenzari the Shackled
  9288 | D:7      | Noticed Dowan
  9289 | D:7      | Noticed Duvessa
  9290 | D:7      | Killed Dowan
  9294 | D:7      | Killed Duvessa
  9295 | D:7      | Reached skill level 5 in Fighting
  9336 | D:7      | Noticed a boulder beetle
 10001 | D:7      | Found a hazy altar of Hepliaklqana.
 10138 | D:7      | Killed a boulder beetle
 10239 | D:7      | Noticed a cyclops
 10389 | D:7      | Learned a level 4 spell: Petrify
 10413 | D:7      | Killed an unseen horror
 10745 | D:8      | Reached XP level 11. HP: 67/67 MP: 17/17
 10853 | D:8      | Found a sacrificial altar of Ru.
 11376 | D:8      | Reached * piety under Ashenzari
 11400 | D:8      | Found an ancient bone altar of Kikubaaqudgha.
 11553 | D:8      | Found a runed translucent door.
 11563 | D:8      | Found a basalt altar of Yredelemnul.
 11674 | D:9      | Noticed Grum
 11686 | D:9      | Killed Grum
 11715 | D:9      | Reached skill level 10 in Conjurations
 12111 | D:9      | Reached ** piety under Ashenzari
 12159 | D:9      | Found a hide-covered altar of Uskayaw.
 12349 | D:9      | Identified the +0 leather armour of Autotheism {Harm
                  | Rampage Fly Dex-2}
 12763 | D:10     | Entered Level 10 of the Dungeon
 13497 | D:10     | Reached *** piety under Ashenzari
 13497 | D:10     | Reached **** piety under Ashenzari
 13799 | D:10     | Found a shadowy altar of Dithmenos.
 14576 | D:11     | Found a staircase to the Lair.
 15168 | D:11     | Noticed a brown ugly thing
 15168 | D:11     | Noticed a cyclops
 15855 | D:11     | Killed a cyclops
 15880 | D:11     | Killed a brown ugly thing
 15881 | D:11     | Reached skill level 10 in Fighting
 15881 | D:11     | Reached XP level 12. HP: 63/77 MP: 7/18
 16313 | D:11     | Learned a level 5 spell: Irradiate
 16555 | D:12     | Found Puyrch's Magic Scroll Emporium.
 16568 | D:12     | Reached ***** piety under Ashenzari
 16748 | D:12     | Noticed a skeletal warrior
 16748 | D:12     | Noticed a skeletal warrior
 16749 | D:12     | Noticed a skeletal warrior
 16844 | Lair:1   | Entered Level 1 of the Lair of Beasts
 16884 | Lair:1   | Reached skill level 10 in Earth Magic
 17095 | Lair:1   | HP: 4/80 [poisoned by a cane toad]
 17455 | Lair:1   | Noticed Urug
 17506 | Lair:1   | Killed Urug
 17507 | Lair:1   | Reached skill level 1 in Evocations
 17991 | Lair:1   | Reached skill level 5 in Stealth
 18494 | Lair:2   | Identified the +1 robe of Yduemp {rElec}
 18597 | Lair:2   | Reached skill level 5 in Dodging
 18882 | Lair:2   | Reached XP level 13. HP: 80/85 MP: 19/19
 19198 | Lair:2   | Reached ****** piety under Ashenzari
 19254 | Lair:2   | Noticed a seven-headed hydra
 19265 | Lair:2   | Killed a seven-headed hydra
 19645 | Lair:2   | Reached skill level 5 in Evocations
 20173 | Lair:3   | Noticed a four-headed hydra
 20176 | Lair:3   | Killed a four-headed hydra
 20210 | Lair:3   | Reached skill level 5 in Spellcasting
 20520 | Lair:3   | Found a hole to the Spider Nest.
 20890 | Lair:3   | Found a staircase to the Shoals.
 21206 | Lair:3   | Noticed a catoblepas
 21217 | Lair:3   | Killed a catoblepas
 21222 | Lair:3   | Reached XP level 14. HP: 77/92 MP: 4/23
 21281 | Lair:3   | Reached skill level 10 in Stealth
 22556 | Lair:3   | Identified the Monograph on the Zephyr and Charms
 23580 | Lair:4   | Reached skill level 10 in Dodging
 24273 | Lair:4   | Reached XP level 15. HP: 100/100 MP: 27/27
 24347 | Lair:4   | Found a viscous altar of Jiyva.
 24347 | Lair:4   | Found a staircase to the Slime Pits.
 25025 | Lair:5   | Entered Level 5 of the Lair of Beasts
 27548 | D:12     | Learned a level 2 spell: Blink
 27560 | D:12     | Found a staircase to the Orcish Mines.
 27861 | D:12     | Reached skill level 15 in Fighting
 28454 | Orc:1    | Entered Level 1 of the Orcish Mines
 28814 | Orc:1    | Identified the +0 hat of the Sacrificial Victim {MP+9 Str-5
                  | Dex+4}
 29267 | Orc:2    | Entered Level 2 of the Orcish Mines
 29587 | Orc:2    | Reached skill level 10 in Spellcasting
 29587 | Orc:2    | Reached XP level 16. HP: 108/108 MP: 30/30
 29974 | Orc:2    | Found Haimoil's Antique Weapon Shop.
 29975 | Orc:2    | Found Laoba's Antique Armour Boutique.
 30051 | Orc:2    | Found a staircase to the Elven Halls.
 30523 | Orc:2    | Found Poutuc's Antique Weapon Shoppe.
 30656 | Orc:2    | Found Pol Ypou's Magic Scroll Shoppe.
 31048 | D:5      | Bought the +7 Spriggan's Knife {stab, EV+4 Stlth+} for 1908
                  | gold pieces
 31048 | D:5      | Found the +7 Spriggan's Knife {stab, EV+4 Stlth+}
 31450 | D:13     | Reached skill level 1 in Short Blades
 31711 | D:13     | Noticed Lodul
 31716 | D:13     | Killed Lodul
 31781 | D:13     | Reached skill level 5 in Short Blades
 32506 | D:14     | Learned a level 3 spell: Vhi's Electric Charge
 32724 | D:14     | Found a gate to the Vaults.
 32769 | D:14     | Noticed Frances
 32787 | D:14     | Killed Frances
 32788 | D:14     | Reached skill level 15 in Stealth
 33737 | D:15     | Entered Level 15 of the Dungeon
 34191 | D:14     | Gained mutation: Potions are less effective at restoring
                  | your health. [mutagenic glow]
 34706 | D:15     | Reached XP level 17. HP: 34/115 MP: 31/31
 35055 | D:15     | Learned a level 2 spell: Call Imp
 35644 | D:15     | Reached skill level 1 in Summonings
 35757 | D:15     | Found a staircase to the Depths.
 36377 | Shoals:1 | Entered Level 1 of the Shoals
 37589 | Shoals:1 | Found Mole's Firing Range.
 38559 | Shoals:2 | Found a frozen archway.
 38565 | IceCv    | Entered an ice cave
 39062 | IceCv    | Mangled by an alligator simulacrum

Illustrated notes

Levels and vault maps discovered:
D:1:      scummos_arrival_forest, layout_rooms
D:2:      layout_basic, dreamdust_ecumenical_altar_statues,
          nicolae_figureground_sparkle
D:3:      layout_basic, nicolae_gozag_seed_capital,
          cheibrodos_sewer_entry_drain, nicolae_eternal_life
D:4:      layout_cave_pools, chequers_serial_rivers_marsh, uniq_robin,
          uniq_blork_the_orc
D:5:      layout_loops_ring, serial_shops, nicolae_shop_advertising_works
          [nicolae_subvault_shop_adworks], shop, shop, minivault_14,
          uniq_menkaure
D:6:      layout_basic, dreamdust_divine_triumvirate, kennysheep_generic_room_9
D:7:      layout_rooms, nzn_hepliaklqana_mist_gate, minmay_temple_entry_tees,
          minmay_shattered_shrine, uniq_joseph, uniq_jeremiah, uniq_duvessa
D:8:      layout_cave_pools, nicolae_ru_great_annihilating_truth,
          dk_yredelemnul_ordeal, kennysheep_vampire_church
D:9:      layout_loops_ring, mainiacjoe_overflow_surrounded_room, uniq_grum
D:10:     layout_loops_corners, mainiacjoe_overflow_boulevard
D:11:     layout_roguey, lair_entry_dummy, fountainhead,
          minmay_fractal_squares_gapless_7
D:12:     layout_loops_ring, orc_0_dummy, serial_shops, shop
D:13:     layout_roguey, kennysheep_generic_room_5, uniq_lodul
D:14:     layout_basic, david_vaults_2, kennysheep_pointless_box, uniq_frances
D:15:     hellmonk_depths_entry_around_the_bend, layout_cross,
          grunt_decor_clamped, chequers_arboretum
Temple:   nicolae_temple_bog_church
Lair:1:   layout_chaotic_city, uniq_urug
Lair:2:   layout_chaotic_city, chequers_serial_rivers_micro_d,
          grunt_megastairs_2, infiniplex_staircase_pool_2
Lair:3:   nzn_winding_woodlands_huge [nzn_winding_woodlands_5x15_eye,
          nzn_winding_woodlands_5x15_garden,
          nzn_winding_woodlands_5x15_sidewinder,
          nzn_winding_woodlands_5x15_sawtooth,
          nzn_winding_woodlands_5x15_lazy_stream,
          nzn_winding_woodlands_5x15_cabin, nzn_winding_woodlands_5x15_twine,
          nzn_winding_woodlands_5x15_split_checker,
          nzn_winding_woodlands_5x15_river_crossing,
          nzn_winding_woodlands_5x15_parted,
          nzn_winding_woodlands_center_diamonds,
          nzn_winding_woodlands_center_lodge,
          nzn_winding_woodlands_15x15_five_gardens], layout_regular_city,
          nicolae_shoals_entry_roost, nicolae_spider_entry_orb_guardian,
          beast_lair_carwin_8
Lair:4:   layout_roguey, dpeg_slime_entry_corner, minmay_lair_drake_nest,
          grunt_megastairs_1
Lair:5:   minmay_lair_end_frog_pond, layout_loops_ring,
          chequers_serial_rivers_marsh
Shoals:1: layout_shoals, nicolae_shop_firing_range
Shoals:2: layout_shoals, portal_ice_cave_entry_pillars_2,
          nicolae_shoals_loop_pool
Orc:1:    layout_caves, serial_shops, nicolae_shop_peninsula, basic_altar,
          hangedman_minor_magic
Orc:2:    grunt_orc_community_town_hall, layout_caves,
          grunt_orc_community_big_house_1, grunt_orc_community_big_house_2,
          grunt_orc_community_house_1, grunt_orc_community_house_3,
          grunt_orc_community_house_1, grunt_orc_community_house_1,
          gauntlet_entry_generic, abandoned_shop
IceCv:    ice_cave_small_demon

Skill      XL: |  1  2  3  4  5  6  7  8  9 10 11 12 13 14 15 16 17 |
---------------+----------------------------------------------------+-----
Stealth        | 3 4 6 9 12 14 15 16 | 16.8
Dodging        | 3 5 8 10 12 13 14 | 14.2
Transmutations | 2 3 4 |  4.0
Spellcasting   | 3 4 6 8 10 | 10.3
Earth Magic    | 4 5 6 7 8 9 10 | 10.1
Conjurations   | 2 5 7 9 11 12 | 12.1
Fighting       | 4 7 10 11 12 14 15 16 | 16.6
Evocations     | 3 5 |  5.6
Short Blades   | 8 |  8.9
Summonings     | 4 |  4.1

Action                     |  1- 3 |  4- 6 |  7- 9 | 10-12 | 13-15 | 16-18 || total
---------------------------+-------+-------+-------+-------+-------+-------++-------
  Melee: Unarmed           |     8 |     9 |       |       |       |       ||    17
         Whip              |       |    11 |       |       |       |       ||    11
         Staff             |       |       |     1 |    12 |    33 |       ||    46
         Knife             |       |       |       |       |       |   317 ||   317
  Throw: Dart              |       |       |     1 |       |       |       ||     1
   Cast: Sandblast         |    34 |   121 |    65 |    12 |    16 |     2 ||   250
         Stone Arrow       |       |     4 |    75 |   334 |   661 |   217 ||  1291
         Irradiate         |       |       |       |     8 |    45 |    45 ||    98
         Passwall          |       |       |       |     2 |     1 |    51 ||    54
         Petrify           |       |       |       |       |     2 |     7 ||     9
         Call Imp          |       |       |       |       |       |     9 ||     9
 Invoke: Curse Item        |       |       |       |     8 |     1 |     2 ||    11
         Shatter the Chain |       |       |       |       |       |     1 ||     1
  Evoke: Wand              |       |       |     1 |     2 |     4 |    13 ||    20
         Condenser vane    |       |       |       |       |     1 |     1 ||     2
         Box of beasts     |       |       |       |       |       |     1 ||     1
    Use: Scroll            |       |     6 |     8 |     3 |       |       ||    17
         Potion            |       |     5 |     2 |       |       |     1 ||     8
   Stab: Sleeping          |     1 |       |       |       |       |    64 ||    65
         Petrified         |       |       |       |       |     3 |     2 ||     5
         Distracted        |       |       |       |       |       |    10 ||    10
         Petrifying        |       |       |       |       |       |     5 ||     5
 Armour: Robe              |     2 |     5 |     5 |    27 |    55 |    36 ||   130
         Skin              |       |     6 |       |       |       |       ||     6
         Animal skin       |       |       |     9 |       |       |       ||     9
  Dodge: Dodged            |     6 |    63 |    44 |   117 |   303 |   408 ||   941
  Block: Other             |       |       |       |     3 |       |       ||     3

Table legend: (Time is in decaauts)
 A = Elapsed time spent in this place.
 B = Non-inter-level travel time spent in this place.
 C = Inter-level travel time spent in this place.
 D = Time resting spent in this place.
 E = Time spent auto-exploring this place.
 F = Levels seen in this place.
 G = Mean time per level.
                   A        B        C        D        E       F      G
               +--------+--------+--------+--------+--------+-----+--------+
         Total |  39515 |  37755 |   1760 |   4848 |  26380 |  27 | 1463.5 |
       Dungeon |  22454 |  21188 |   1266 |   2833 |  15000 |  15 | 1496.9 |
        Temple |     35 |     11 |     24 |      0 |      5 |   1 |   35.0 |
          Lair |  10730 |  10364 |    366 |   1422 |   7370 |   5 | 2146.0 |
        Shoals |   2355 |   2291 |     64 |    159 |   1434 |   2 | 1177.5 |
  Orcish Mines |   2422 |   2384 |     38 |     63 |   1937 |   2 | 1211.0 |
         Sewer |   1036 |   1036 |      0 |    162 |    633 |   1 | 1036.0 |
      Ice Cave |    480 |    480 |      0 |    208 |      0 |   1 |  480.0 |
               +--------+--------+--------+--------+--------+-----+--------+

Top non-repeatable levels by time:
  Lair:3: 3624 daAuts
    D:11: 2327 daAuts
Shoals:1: 2161 daAuts
     D:3: 2094 daAuts
    D:14: 2064 daAuts
  Lair:4: 1973 daAuts
  Lair:5: 1933 daAuts
     D:7: 1772 daAuts
  Lair:1: 1682 daAuts
     D:2: 1675 daAuts
    D:15: 1653 daAuts
   Orc:2: 1586 daAuts
    D:12: 1559 daAuts
     D:6: 1540 daAuts
  Lair:2: 1517 daAuts
